 Dungeon Crawl Stone Soup version 0.22.0-5-gf09313c8f9 (webtiles) character file.

66 Htamos the Conjurer (level 3, -1/16 HPs)
             Began as a Felid Conjurer on Aug 13, 2018.
             Killed from afar by an orc wizard (11 damage)
             ... with a magic dart
             ... on level 3 of the Dungeon.
             The game lasted 00:06:42 (4609 turns).

Htamos the Conjurer (Felid Conjurer)                Turns: 4609, Time: 00:06:43

Health: -1/16      AC:  1    Str:  4    XL:     3   Next: 96%
Magic:  1/7        EV: 19    Int: 17    God:
Gold:   164        SH:  0    Dex: 16    Spells: 5/6 levels left
                                        Lives:  0   Deaths: 1

rFire    . . .     SeeInvis +   (weapon unavailable)
rCold    . . .     Gourm    .   (shield unavailable)
rNeg     . . .     Faith    .   (armour unavailable)
rPois    .         Spirit   .   (helmet unavailable)
rElec    .         Reflect  .   (cloak unavailable)
rCorr    .         Harm     .   (gloves unavailable)
MR       .....                  (boots unavailable)
Stlth    +++.......             (no amulet)
HPRegen  0.05/turn              (no ring)
MPRegen  0.10/turn              (no ring)

@: very slightly contaminated, quick
A: very small, no armour, no weapons or thrown items, stealth, claws 1, fangs 3,
see invisible, carnivore, speed 1, shaggy fur 1, slow metabolism 1, sharp paws
a: no special abilities


You were on level 3 of the Dungeon.
You were very full.

You visited 1 branch of the dungeon, and saw 3 of its levels.

You collected 164 gold pieces.

Inventory:

Jewellery
 a - an uncursed ring of wizardry {unknown}
Wands
 n - a wand of flame (24)
 p - a wand of polymorph (14)
Scrolls
 d - 4 scrolls of teleportation {unknown}
 f - a scroll of enchant weapon {unknown}
 g - a scroll of amnesia {unknown}
 h - 3 scrolls of identify {unknown}
 i - a scroll of immolation {unknown}
 j - a scroll of fog {unknown}
 o - a scroll of enchant armour {unknown}
Potions
 c - a potion of curing {unknown}
 e - a potion of experience {unknown}
 k - a potion of lignification {unknown}
 l - a potion of haste {unknown}
 m - a potion of ambrosia {unknown}
Comestibles
 b - 3 rations


   Skills:
 + Level 1.8 Fighting
 + Level 3.8 Dodging
 + Level 4.1 Stealth
 - Level 2.1 Spellcasting
 * Level 4.4 Conjurations


You had 5 spell levels left.
You knew the following spells:

 Your Spells              Type           Power        Failure   Level  Hunger
a - Magic Dart            Conj           ###.         3%          1    #......

Your spell library contained the following spells:

 Spells                   Type           Power        Failure   Level  Hunger
 Iskenderun's Mystic Bla  Conj           ###.....     30%         4    #####..
 Fulminant Prism          Conj/Hex       #.........   58%         4    #####..
 Dazzling Spray           Conj/Hex       #.....       22%         3    ###....
 Force Lance              Conj/Tloc      #.......     58%         4    #####..
 Searing Ray              Conj           ###...       4%          2    ###....


Dungeon Overview and Level Annotations

Branches:
Dungeon (3/15)

Altars:


Innate Abilities, Weirdness & Mutations

You cannot wear armour.
You are incapable of wielding weapons or throwing items.
Your paws allow you to move quietly. (Stealth)
You have sharp claws.
You have razor-sharp teeth.
You have supernaturally acute eyesight. (SInv)
You are carnivorous and can eat meat at any time.
You cover ground quickly.
You are covered in fur. (AC +1)
You have a slow metabolism.
Your sharp claws are effective at attacking unaware monsters.


Message History

You scratch the orc wizard but do no damage.
You bite the orc wizard, but do no damage.
The orc wizard is lightly wounded.
The orc wizard completely misses you.
You closely miss the orc wizard.
The orc wizard is lightly wounded.
The orc wizard casts a spell at you. You resist with some effort.
You barely miss the orc wizard.
The orc wizard is lightly wounded.
The orc wizard hits you with a dagger.
You closely miss the orc wizard.
The orc wizard is lightly wounded.
The orc wizard hits you with a dagger.
You closely miss the orc wizard. Your bite misses the orc wizard.
The orc wizard is lightly wounded.
The orc wizard gestures at you while chanting.
The magic dart hits you!
Ouch! That really hurt!
You die...

..#########...................#
#..##.........................###
##....#####...................<..
...o### #...................##.
#.....########)#####....[.....##.
####.....## #(# #.###......... .#
##.##..####.### #.....######## .#
#............###..#### .#
######......@....## ### .##
###.....o........ .... ..#
###..).........#### #..##
#.####>............## #...
#......##..........# ####
#..######...........# ##.. #.##
#............ ##..# #..###
##........#### #..##
.....>####........## #.######.##


You could see an orc wizard.

Vanquished Creatures
  Crazy Yiuf (D:2)
  Jessica (D:2)
  Robin (D:2)
  A worm (D:2)
  2 leopard geckos
  3 orcs (D:3)
  4 bats
  2 giant cockroaches
  9 goblins
  17 hobgoblins
  2 jackals (D:1)
  5 kobolds
  3 frilled lizards (D:1)
  6 rats
57 creatures vanquished.

Notes
Turn   | Place    | Note
-------+----------+-------------------------------------------
     0 | D:1      | Htamos the Felid Conjurer began the quest for the Orb.
     0 | D:1      | Reached XP level 1. HP: 7/7 MP: 4/4
   151 | D:1      | Reached XP level 2. HP: 12/12 MP: 1/6
   883 | D:2      | Reached XP level 3. HP: 15/15 MP: 4/7
   884 | D:2      | Reached skill level 1 in Fighting
  1801 | D:2      | Noticed Jessica
  1804 | D:2      | Killed Jessica
  1865 | D:2      | Found a runed door.
  2287 | D:2      | Reached XP level 4. HP: 18/19 MP: 3/8
  2382 | D:2      | Noticed Robin
  2837 | D:2      | Killed Robin
  3590 | D:2      | Noticed Crazy Yiuf
  3787 | D:2      | Killed Crazy Yiuf
  4511 | D:3      | Killed from afar by an orc wizard
  4512 | D:3      | Reached XP level 3. HP: -3/16 MP: 2/7
  4609 | D:3      | Killed from afar by an orc wizard

Skill      XL: |  1  2  3  4 |
---------------+-------------+-----
Stealth        | 3 4 |  4.1
Dodging        | 3 |  3.8
Fighting       | 1 |  1.8
Conjurations   | 4 |  4.4
Spellcasting   | |  2.1

Action                   |  1- 3 |  4- 6 || total
-------------------------+-------+-------++-------
Melee: Unarmed           |    21 |     3 ||    24
       Bite              |     2 |       ||     2
 Cast: Magic Dart        |   106 |    87 ||   193
  Eat: Chunk             |    14 |     6 ||    20
Armor: Skin              |     1 |     1 ||     2
Dodge: Dodged            |    19 |    11 ||    30
